 Dungeon Crawl Stone Soup version 0.29.1-12-g30fa7ad0bf (webtiles) character file.

Game seed: 13439435596353823684

627 mortz the Trooper (level 7, -6/64 HPs)
             Began as a Hill Orc Fighter on Dec 13, 2022.
             Mangled by a two-headed ogre
             ... wielding a +0 giant spiked club
              (14 damage)
             ... on level 6 of the Dungeon.
             The game lasted 00:11:32 (2997 turns).

mortz the Trooper (Hill Orc Fighter)                Turns: 2997, Time: 00:11:32

Health: -6/64      AC: 14    Str: 24    XL:     7   Next: 47%
Magic:  7/7        EV:  6    Int:  8    God:
Gold:   259        SH:  4    Dex: 10    Spells: 6/6 levels left

rFire   . . .      SeeInvis .   a - +9 whip of Dismemberment {flame, Str+3}
rCold   . . .      Faith    .   c - +0 buckler
rNeg    . . .      Spirit   .   f - +0 plate armour
rPois   .          Reflect  .   l - +0 helmet
rElec   .          Harm     .   (no cloak)
rCorr   .          Rampage  .   s - +0 pair of gloves
Will    .....                   (no boots)
Stlth   ..........              (no amulet)
HPRegen 0.20/turn               (no ring)
MPRegen 0.10/turn               (no ring)

@: mighty
A: no striking features
a: no special abilities


You were on level 6 of the Dungeon.
You visited 1 branch of the dungeon, and saw 4 of its levels.

You collected 259 gold pieces.

Inventory:

Hand Weapons
 a - the +9 whip of Dismemberment (weapon) {flame, Str+3}
   (You found it on level 6 of the Dungeon)

   It burns those it strikes, dealing additional fire damage.
   Str:       It affects your strength (+3).
 v - a +0 war axe
Armour
 c - a +0 buckler (worn)
 f - a +0 plate armour (worn)
 h - a +2 ring mail of poison resistance
 l - a +0 helmet (worn)
 s - a +0 pair of gloves (worn)
 u - a +0 ring mail of fire resistance
Jewellery
 m - a ring of ice
Wands
 t - a wand of roots (4)
Scrolls
 b - a scroll of fear {unknown}
 i - a scroll of identify {unknown}
 j - 3 scrolls of teleportation
 n - a scroll of enchant armour {unknown}
 p - a scroll of enchant weapon {unknown}
 r - a scroll of summoning {unknown}
Potions
 e - a potion of magic {unknown}
 g - a potion of invisibility {unknown}
 k - 2 potions of curing {unknown}
 o - a potion of heal wounds {unknown}


   Skills:
 * Level 6.5 Fighting
 * Level 6.4 Axes
 + Level 4.8 Armour
 + Level 4.7 Shields


You had 6 spell levels left.
You didn't know any spells.
Your spell library was empty.

Dungeon Overview and Level Annotations

Branches:
Dungeon (3/15) Zot: 20931

Altars:
Gozag

Shops:
D:3 (


Message History

A two-headed ogre is nearby!
Found a spear.
You throw a poisoned dart.
The poisoned dart hits the two-headed ogre.
You throw a poisoned dart.
The poisoned dart hits the two-headed ogre.
You throw a poisoned dart.
The poisoned dart barely misses the two-headed ogre.
You throw a poisoned dart.
The poisoned dart barely misses the two-headed ogre.
You hit the two-headed ogre. You burn the two-headed ogre.
The two-headed ogre is lightly wounded.
The two-headed ogre barely misses you.
The two-headed ogre hits you with a +0 giant spiked club.
You whack the two-headed ogre! You burn the two-headed ogre.
The two-headed ogre is moderately wounded.
You hit the two-headed ogre. You burn the two-headed ogre.
The two-headed ogre is heavily wounded.
The two-headed ogre hits you with a +0 giant spiked club. x2
You barely miss the two-headed ogre.
The two-headed ogre is heavily wounded.
The two-headed ogre hits you with a +0 giant spiked club!! x2
* * * LOW HITPOINT WARNING * * *
You are too injured to fight recklessly!
You are too injured to fight recklessly!
You are too injured to fight recklessly!
You are too injured to fight recklessly!
You are too injured to fight recklessly!
You are too injured to fight recklessly!
There is an open door here.
Found a scroll labelled WEOMAOKIQE.
Found 7 stones.
There is an open door here.
You feel very mighty all of a sudden.
You whack the two-headed ogre! You burn the two-headed ogre.
The two-headed ogre is heavily wounded.
The two-headed ogre hits you with a +0 giant spiked club!
* * * LOW HITPOINT WARNING * * *
The two-headed ogre hits you with a +0 giant spiked club!
You die...

####### ......#
#####.#############
#..........O@.#
###..########.#
####'#### #.#
#.......#####(#
#...#...#...(.#
###..#.#..##.#(.#
###.'.#(#?#.'. #.##
#...#..#.#..####.#
..###...#...#.##.#


You could see a two-headed ogre.

Vanquished Creatures
  Menkaure (D:6)
  A water moccasin (D:6)
  An ogre (D:6)
  A bullfrog (D:6)
  A necrophage (D:6)
  A howler monkey (D:6)
  Jessica (D:2)
  An orc wizard (D:6)
  Robin (D:2)
  An adder (D:3)
  2 worms (D:2)
  3 dart slugs
  An orc (D:6)
  5 bats
  4 endoplasms
  2 giant cockroaches
  13 goblins
  8 hobgoblins
  4 jackals
  A quokka (D:2)
  6 ball pythons
  3 frilled lizards
  8 kobolds
  3 rats
  A toadstool (D:1)
74 creatures vanquished.

Vanquished Creatures (others)
  8 fungi (D:1)
  23 plants (D:1)
  3 toadstools (D:1)
34 creatures vanquished.

Grand Total: 108 creatures vanquished

Notes
Turn   | Place    | Note
-------+----------+-------------------------------------------
     0 | D:1      | mortz the Hill Orc Fighter began the quest for the Orb.
     0 | D:1      | Reached XP level 1. HP: 19/19 MP: 1/1
   198 | D:1      | Reached XP level 2. HP: 27/27 MP: 2/2
   664 | D:1      | Reached XP level 3. HP: 33/33 MP: 3/3
   995 | D:2      | Noticed Jessica
  1281 | D:2      | Noticed Robin
  1291 | D:2      | Killed Robin
  1292 | D:2      | Reached XP level 4. HP: 24/41 MP: 4/4
  1880 | D:2      | Killed Jessica
  2252 | D:3      | Reached XP level 5. HP: 40/47 MP: 5/5
  2304 | D:3      | Found Opryoqufot's Weapon Boutique.
  2406 | D:3      | You fall into a shaft and drop 3 floors!
  2478 | D:6      | Found an opulent altar of Gozag.
  2501 | D:6      | Identified the +9 whip of Dismemberment {flame, Str+3}
  2528 | D:6      | Noticed Menkaure
  2539 | D:6      | Killed Menkaure
  2540 | D:6      | Reached skill level 5 in Fighting
  2540 | D:6      | Reached skill level 5 in Axes
  2540 | D:6      | Reached XP level 6. HP: 30/56 MP: 6/6
  2695 | D:6      | Noticed a two-headed ogre
  2728 | D:6      | Noticed a water moccasin
  2732 | D:6      | Killed a water moccasin
  2733 | D:6      | Reached XP level 7. HP: 50/63 MP: 7/7
  2997 | D:6      | Mangled by a two-headed ogre

Illustrated notes

Levels and vault maps discovered:
D:1:      heliophobic_arrival_glass_houses, layout_loops_ring,
          minmay_gold_behind_fungi, serial_bayou_lagoon_a, serial_bayou_pond_d
D:2:      layout_basic, corexii_corridor_pit, uniq_robin, uniq_jessica
D:3:      layout_loops_ring, mainiacjoe_overflow_tiny_flanked, serial_shops,
          shop, minmay_fractal_squares_5
D:6:      layout_loops_ring, nicolae_gozag_seed_capital,
          mainiacjoe_overflow_small_starburst, kennysheep_generic_room_10,
          uniq_menkaure, uniq_maggie

Skill      XL: |  1  2  3  4  5  6  7 |
---------------+----------------------+-----
Axes           | 3 4 5 6 |  6.4
Fighting       | 4 5 6 |  6.5
Armour         | 4 |  4.8
Shields        | 4 |  4.7

Action                   |  1- 3 |  4- 6 |  7- 9 || total
-------------------------+-------+-------+-------++-------
Melee: War axe           |   106 |    69 |       ||   175
       Whip              |       |    17 |    18 ||    35
Throw: Dart              |       |       |     4 ||     4
  Use: Scroll            |       |     1 |       ||     1
       Potion            |       |       |     1 ||     1
Armor: Plate armour      |    63 |    64 |     2 ||   129
       Scale mail        |     2 |       |       ||     2
Dodge: Dodged            |    26 |    24 |     5 ||    55
Block: Buckler           |    30 |    21 |     4 ||    55
